 Dungeon Crawl Stone Soup version 0.17-a0-1567-gdd419b1 (webtiles) character file.

13304 urechis the Brawler (level 11, -13/117 HPs)
             Began as a Troll Monk on July 22, 2015.
             Mangled by a black mamba (16 damage)
             ... on level 1 of the Lair of Beasts.
             The game lasted 00:24:31 (10603 turns).

urechis the Brawler (Troll Monk)                   Turns: 10603, Time: 00:24:31

Health: -13/117    AC:  7    Str: 29    XL:     11   Next: 73%
Magic:  10/10      EV: 10    Int:  6    God:
Gold:   541        SH:  0    Dex: 12    Spells: 0 memorised, 10 levels left

rFire  . . .     SeeInvis .       - Unarmed
rCold  . . .     Clarity  .     F - +1 robe {rN+}
rNeg   + . .     SustAt   .     (no shield)
rPois  +         Gourm    +     (helmet restricted)
rElec  .         Spirit   .     i - +0 cloak
rCorr  .         Warding  .     (gloves unavailable)
rMut   .         Stasis   .     (boots unavailable)
MR     .....                    y - amulet of regeneration
Stlth  ++........               l - +5 ring of strength
                                j - ring of poison resistance

@: lethally poisoned (-13 -> -14), not resistant to hostile enchantments,
unstealthy
A: unfitting armour, claws 3, fast metabolism 3, gourmand, regeneration 2,
shaggy fur 1, tough skin 2
a: no special abilities


You were on level 1 of the Lair of Beasts.
You were full.

You visited 3 branches of the dungeon, and saw 14 of its levels.

You collected 541 gold pieces.

Inventory:

Hand weapons
 a - a +5 blowgun
Missiles
 C - 2 javelins (quivered)
 H - 29 poisoned needles
 O - 5 large rocks
Armour
 i - a +0 cloak (worn)
 F - a +1 robe of positive energy (worn)
Jewellery
 j - a ring of poison resistance (left claw)
 l - a +5 ring of strength (right claw)
 y - an amulet of regeneration (around neck)
Scrolls
 f - 9 scrolls of remove curse
 q - 3 scrolls of teleportation
 r - 3 scrolls of enchant armour
 t - 2 scrolls of magic mapping
 w - 3 scrolls of recharging
 A - a scroll of silence {unknown}
 E - a scroll of fog {unknown}
 K - a scroll of summoning {unknown}
 L - 2 scrolls of amnesia {unknown}
 N - a scroll of vulnerability {unknown}
Potions
 e - 3 potions of agility
 k - a potion of haste {unknown}
 m - 3 potions of might
 n - 7 potions of curing
 s - 2 potions of heal wounds
 u - 3 potions of flight
 v - a potion of cure mutation {unknown}
 x - a potion of magic {unknown}
 B - a potion of poison {unknown}
 D - 2 potions of invisibility {unknown}
Comestibles
 b - 10 bread rations
 c - 3 meat rations
 d - 6 fruits
 p - 4 slices of pizza
 z - a royal jelly
 I - 7 beef jerkies


   Skills:
 + Level 9.8 Fighting
 - Level 2.4 Dodging
 - Level 1.1 Stealth
 * Level 15.1 Unarmed Combat


You had 10 spell levels left.
You didn't know any spells.

Dungeon Overview and Level Annotations

Branches:
Dungeon (12/15)            Temple (1/1) D:7            Lair (1/8) D:10
    Orc (0/4) D:11

Altars:
Ashenzari
Cheibriados
Dithmenos
Elyvilon
Fedhas
Gozag
Kikubaaqudgha
Makhleb
Nemelex Xobeh
Okawaru
Qazlal
Ru
Sif Muna
Trog
Vehumet
Xom
Yredelemnul
Zin
The Shining One

Shops:
D:8 *   D:11 [

Portals:
Trove: D:10 (give wand of heal wounds (8))


Innate Abilities, Weirdness & Mutations

You are too large for most types of armour.
You have claws for hands.
Your metabolism is lightning-fast.
You like to eat raw meat.
You heal very quickly.
You are covered in fur (AC +1).
You have very tough skin (AC +2).


Message History

The black mamba barely misses you. The black mamba bites you!
You closely miss the black mamba.
The black mamba is severely wounded.
The black mamba bites you!
You closely miss the black mamba.
The black mamba is severely wounded.
The black mamba bites you.
* * * LOW HITPOINT WARNING * * *
You completely miss the black mamba. You claw the black mamba!
The black mamba is almost dead.
The black mamba bites you!!
* * * LOW HITPOINT WARNING * * *
You are poisoned.
The black mamba poisons you!
You closely miss the black mamba.
The black mamba is almost dead.
You feel sick. The black mamba bites you!
* * * LOW HITPOINT WARNING * * *
The black mamba bites you!
You die...

####.##.....P.#.#
.....#......###.### .#
.#...##.....##(...# ..+
##...##......'....# ...#
.#..>........##'####.!.#
##..........###(###P...#
##...##............[....
.#####P.........S†......
#####..........@†......
...............††......
.......................
####.#...†.............
####................ #
#................
#.###....##...###....
+..+÷...#...........
###†....#......#


You could see a black mamba.

Vanquished Creatures
  A centaur warrior (D:11)
  2 hill giants
  An ugly thing (D:12)
  A centaur zombie (D:12)
  A gargoyle (D:11)
  A komodo dragon (Lair:1)
  Grinder (D:3)
  A two-headed ogre (D:12)
  A blink frog (D:10)
  2 trolls
  A wraith (D:10)
  2 wyverns (D:10)
  18 yaks
  A water elemental (D:11)
  5 vampire mosquitoes (D:12)
  A hungry ghost (D:9)
  A hippogriff (D:10)
  Menkaure (D:4)
  A water moccasin (Lair:1)
  4 orc warriors
  3 black bears
  A centaur (D:11)
  A necrophage (D:7)
  An ice beast (D:11)
  2 phantoms
  A wasp (D:12)
  2 crocodiles (Lair:1)
  4 big kobolds
  10 ogres
  Blork the orc (D:4)
  6 giant frogs
  A wyvern skeleton (D:12)
  4 killer bees (D:10)
  2 scorpions
  9 electric eels (D:11)
  4 crimson imps
  7 orc priests
  3 giant frog zombies
  6 hounds
  A giant frog skeleton (D:12)
  9 orc wizards
  A wasp zombie (D:6)
  3 iguanas
  5 worker ants
  2 hound zombies
  A worker ant zombie (D:9)
  2 hound skeletons
  13 gnolls
  9 adders
  15 river rats (Lair:1)
  3 shadow imps
  An ooze (D:1)
  A worm (D:4)
  6 giant geckos
  32 orcs
  3 ball pythons
  19 bats
  A bat skeleton (D:7)
  6 giant cockroaches
  12 hobgoblins
  9 jackals
  A giant gecko skeleton (D:8)
  4 giant newts
  8 goblins
  16 kobolds
  4 quokkas
  2 quokka skeletons
  11 rats
  3 butterflies (D:7)
318 creatures vanquished.

Vanquished Creatures (others)
  4 bushes (D:9)
4 creatures vanquished.

Grand Total: 322 creatures vanquished

Notes
Turn   | Place    | Note
--------------------------------------------------------------
     0 | D:1      | urechis the Troll Monk began the quest for the Orb.
     0 | D:1      | Reached XP level 1. HP: 22/22 MP: 0/0
   101 | D:1      | Reached XP level 2. HP: 29/29 MP: 1/1
   298 | D:1      | You fall through a shaft!
   342 | D:2      | Found a faded altar to an unknown god.
   461 | D:1      | Reached XP level 3. HP: 36/36 MP: 2/2
  1057 | D:2      | Found a stormy altar of Qazlal.
  1120 | D:3      | Found an ancient bone altar of Kikubaaqudgha.
  1577 | D:3      | Found a bloodstained altar of Trog.
  1579 | D:3      | Noticed Grinder
  1592 | D:3      | HP: 1/37 [Grinder (1)]
  1600 | D:3      | Killed Grinder
  1600 | D:3      | Reached skill level 6 in Unarmed Combat
  1600 | D:3      | Reached XP level 4. HP: 6/48 MP: 3/3
  1600 | D:3      | Reached XP level 5. HP: 6/54 MP: 4/4
  1606 | D:3      | Noticed a phantom
  1623 | D:3      | Killed a phantom
  1623 | D:3      | Reached XP level 6. HP: 11/62 MP: 5/5
  1905 | D:4      | Reached skill level 7 in Unarmed Combat
  2005 | D:4      | Reached XP level 7. HP: 57/71 MP: 6/6
  2347 | D:4      | Noticed Menkaure
  2352 | D:4      | Noticed Blork the orc
  2356 | D:4      | Killed Menkaure
  2361 | D:4      | Killed Blork the orc
  2574 | D:4      | Reached skill level 8 in Unarmed Combat
  2730 | D:4      | Reached skill level 5 in Fighting
  3010 | D:5      | Entered Level 5 of the Dungeon
  3046 | D:5      | Found a deep blue altar of Sif Muna.
  3072 | D:5      | Reached XP level 8. HP: 80/80 MP: 7/7
  3570 | D:5      | Reached skill level 9 in Unarmed Combat
  4175 | D:6      | Found a shadowy altar of Dithmenos.
  4926 | D:7      | Reached skill level 10 in Unarmed Combat
  4974 | D:7      | Reached XP level 9. HP: 89/89 MP: 8/8
  4976 | D:7      | Found a staircase to the Ecumenical Temple.
  4981 | Temple   | Entered the Ecumenical Temple
  5652 | D:8      | Found a sparkling altar of Nemelex Xobeh.
  5931 | D:8      | Found Bimi's Assorted Antiques.
  6886 | D:9      | Found a shattered altar of Ashenzari.
  6965 | D:9      | Reached skill level 11 in Unarmed Combat
  7417 | D:10     | Entered Level 10 of the Dungeon
  7471 | D:10     | Found a staircase to the Lair.
  7736 | D:10     | Reached skill level 12 in Unarmed Combat
  7984 | D:10     | Reached XP level 10. HP: 98/102 MP: 9/9
  8093 | D:10     | Found a portal to a secret trove of treasure.
  8605 | D:11     | Reached skill level 13 in Unarmed Combat
  8637 | D:11     | Found a staircase to the Orcish Mines.
  8752 | D:11     | Noticed a hill giant
  8763 | D:11     | Killed a hill giant
  8940 | D:11     | Reached XP level 11. HP: 103/113 MP: 10/10
  9074 | D:11     | Noticed a centaur warrior
  9094 | D:11     | Killed a centaur warrior
  9094 | D:11     | Reached skill level 14 in Unarmed Combat
  9216 | D:11     | Found Hikh's Antique Armour Emporium.
  9418 | D:11     | Found a burning altar of Makhleb.
  9672 | D:12     | Noticed a hill giant
  9678 | D:12     | Killed a hill giant
 10156 | D:12     | Noticed a five-headed hydra
 10187 | D:12     | Noticed a six-headed hydra
 10351 | Lair:1   | Entered Level 1 of the Lair of Beasts
 10530 | Lair:1   | Reached skill level 15 in Unarmed Combat
 10603 | Lair:1   | HP: 3/117 [black mamba (9)]
 10603 | Lair:1   | Mangled by a black mamba

Vault maps used:
D:1:      lemuel_arrival_behind_the_door_small
D:2:      nicolae_qazlal_eye_of_the_storm, ecumenical_altar_2
D:3:      bloody_trog, minmay_parallelograms, lemuel_tele_altar, uniq_grinder
D:4:      serial_park_tiny_1, kennysheep_nub, uniq_blork_the_orc, uniq_menkaure
D:5:      lemuel_crystal_altar, first_bread, kennysheep_generic_room_11
D:6:      lemuel_coloured_pillars_altar, minmay_misc_feat_roman
D:7:      minmay_temple_entry_butterflies, grunt_ogre_cave
D:8:      nemelex_deck, serial_shops, nicolae_shop_stone, kennysheep_cross_room,
          kennysheep_generic_room_10
D:9:      minmay_klotski, lemuel_round_altar, minmay_misc_feat_tower
D:10:     lair_0_dummy, nicolae_trove_entry_free_sample
D:11:     erik_orc_3, serial_shops, shop_fountains, bloody_makhleb
D:12:     evilmike_diamond_2
Temple:   nicolae_temple_figure_eight

Action                   |  1- 3 |  4- 6 |  7- 9 | 10-12 || total
-------------------------+-------+-------+-------+-------++-------
Melee: Unarmed           |    95 |    40 |   445 |   335 ||   915
Throw: Javelin           |       |       |       |     7 ||     7
       Throwing net      |       |       |       |     1 ||     1
  Use: Potion            |     1 |       |       |     1 ||     2
       Scroll            |       |       |    11 |    12 ||    23
 Stab: Sleeping          |       |       |     5 |     2 ||     7
  Eat: Chunk             |    13 |     7 |    56 |    29 ||   105
